 Dungeon Crawl Stone Soup version 0.31.0-11-ge490571c62 (webtiles) character file.

Game seed: 10993574623882961117

59 qw the Shooter (level 3, -2/20 HPs)
             Began as a Deep Elf Hunter on Feb 4, 2024.
             Slain by a ribbon worm (7 damage)
             ... on level 2 of the Dungeon.
             The game lasted 00:00:06 (1592 turns).

qw the Shooter (Deep Elf Hunter)                    Turns: 1592, Time: 00:00:06

Health: -2/20      AC:  5    Str: 10    XL:     3   Next: 78%
Magic:  5/5        EV:  6    Int: 13    God:
Gold:   54         SH:  0    Dex: 18    Spells: 2/2 levels left

rFire   . . .        a - +0 shortbow
rCold   . . .        (shield currently unavailable)
rNeg    . . .        g - +0 ring mail
rPois   .            (no helmet)
rElec   .            (no cloak)
rCorr   .            (no gloves)
SInv    .            (no boots)
Will    .....        (no amulet)
Stlth   +            (no ring)
HPRegen 0.23/turn    (no ring)
MPRegen 0.09/turn

%: no passive effects
@: held
A: no striking features
a: no special abilities


You were on level 2 of the Dungeon.
You visited 1 branch of the dungeon, and saw 2 of its levels.

You collected 54 gold pieces.


   Skills:
 - Level 1.5 Fighting
 + Level 7.3 Ranged Weapons
 - Level 2.4 Dodging
 - Level 1.2 Stealth


You had 2 spell levels left.
You didn't know any spells.
Your spell library was empty.

Inventory:

Hand Weapons
 a - a +0 shortbow (weapon)
Armour
 d - the +1 robe of Trumpets {Will+}
   (You found it on level 2 of the Dungeon)

   Will+:     It increases your willpower.
 e - a +0 cloak
 g - a +0 ring mail (worn)
Scrolls
 b - a scroll of identify
 f - a scroll of enchant armour {unknown}
 h - a scroll of enchant weapon {unknown}
 i - a scroll of immolation {unknown}
Potions
 c - a potion of heal wounds {unknown}

Dungeon Overview and Level Annotations

Branches:
Dungeon (2/15)

Altars:


Message History

You shoot an arrow.
The arrow hits the hobgoblin but does no damage.
You shoot an arrow. The arrow hits the hobgoblin.
You kill the hobgoblin!
You shoot an arrow.
The arrow hits the ribbon worm but does no damage.
You shoot an arrow. The arrow hits the ribbon worm.
The ribbon worm is lightly wounded.
You shoot an arrow.
The arrow hits the ribbon worm but does no damage.
The ribbon worm is lightly wounded.
You shoot an arrow.
The arrow hits the ribbon worm but does no damage.
The ribbon worm is lightly wounded.
The quokka barely misses you. The ribbon worm misses you.
The quokka closely misses you.
You shoot an arrow. The arrow hits the ribbon worm!
The ribbon worm is heavily wounded.
The ribbon worm bites you! The quokka misses you.
You shoot an arrow. The arrow hits the ribbon worm.
The ribbon worm is severely wounded.
The quokka bites you.
The ribbon worm expels a string of sticky webbing.
The stream of webbing hits you but does no damage.
You are caught in a web!
The quokka barely misses you.
You struggle to detach yourself from the web.
The quokka bites you but does no damage.
The ribbon worm bites you.
You struggle to detach yourself from the web.
The quokka bites you. The ribbon worm bites you.
You struggle to detach yourself from the web.
The quokka bites you but does no damage.
You struggle to detach yourself from the web.
The quokka barely misses you.
The ribbon worm expels a string of sticky webbing.
The stream of webbing hits you but does no damage.
You are even more entangled.
You struggle to detach yourself from the web.
The quokka bites you. The ribbon worm bites you!
You die...

#### 7 7 #...
######~7....
#.##
#...@wr..)..
#.#
#.##.r......
#.#
#.####~7....
####.## #.# ~7
..7 #...?.#
####.## ~ ~
#...#.. #.(...#
##########....#
#.##.## #)
#.........##
#.####
#.###........#
#.#
#..#...###[#.#


You could see a ribbon worm (catching breath), a quokka and a rat.

Vanquished Creatures
  A gnoll (D:1)
  An adder (D:2)
  2 ribbon worms (D:2)
  4 ball pythons
  4 endoplasms
  2 giant cockroaches (D:2)
  4 hobgoblins
  2 jackals (D:1)
  A quokka (D:1)
  5 bats
  A frilled lizard (D:1)
  4 kobolds
  3 rats
34 creatures vanquished.

Notes
Turn   | Place    | Note
-------+----------+-------------------------------------------
     0 | D:1      | qw the Deep Elf Hunter began the quest for the Orb.
     0 | D:1      | Reached XP level 1. HP: 12/12 MP: 3/3
     0 | D:1      | 0 ||| qw: Version: 0.3-a-160-g6735b56
     0 | D:1      | 0 ||| qw: Game counter: 4551
     0 | D:1      | 0 ||| qw: Melee chars always use a shield: true
     0 | D:1      | 0 ||| qw: God list: Okawaru
     0 | D:1      | 0 ||| qw: Allow faded altars: false
     0 | D:1      | 0 ||| qw: Do Orc after clearing Dungeon:15 true
     0 | D:1      | 0 ||| qw: Do second Lair branch before Depths: true
     0 | D:1      | 0 ||| qw: Lair rune preference: random
     0 | D:1      | 0 ||| qw: Goals: Normal
     0 | D:1      | 0 ||| PLANNING D:1-11
   233 | D:1      | Reached skill level 6 in Ranged Weapons
   233 | D:1      | Reached XP level 2. HP: 14/16 MP: 4/4
   424 | D:1      | Reached XP level 3. HP: 20/20 MP: 5/5
   915 | D:1      | 915 ||| UPGRADING to +0 ring mail.
   925 | D:1      | 925 ||| DROPPING +0 leather armour.
   926 | D:1      | 926 ||| READING scroll labelled YHOECU ORPHUD.
   927 | D:1      | 927 ||| READING 2 scrolls labelled GOAGO INAIPLADD.
   927 | D:1      | 927 ||| IDENTIFYING metallic cyan potion
   928 | D:1      | 928 ||| READING scroll of identify.
   928 | D:1      | 928 ||| IDENTIFYING scroll labelled QEWULA ZUNEJI
   929 | D:1      | 929 ||| READING scroll labelled MEANAOVVECW.
  1030 | D:1      | 1030 ||| DROPPING scroll of butterflies.
  1031 | D:1      | 1031 ||| DROPPING scroll of vulnerability.
  1032 | D:1      | 1032 ||| DROPPING potion of degeneration.
  1182 | D:2      | Reached skill level 7 in Ranged Weapons
  1253 | D:2      | Identified the +1 robe of Trumpets {Will+}
  1592 | D:2      | HP: 5/20 [quokka (3)]
  1592 | D:2      | Slain by a ribbon worm

Levels and vault maps discovered:
D:1:      wander_arrival_chamber, layout_basic, minmay_misc_feat_ornament
D:2:      layout_loops_ring, kennysheep_generic_room_5, uniq_crazy_yiuf_cottage

Skill      XL: |  1  2  3 |
---------------+----------+-----
Ranged Weapons | 6 7 |  7.3
Fighting       | |  1.5
Dodging        | |  2.4
Stealth        | |  1.2

Action                     || total
---------------------------++-------
   Fire: Shortbow          ||   107
    Use: Scroll            ||     4
 Armour: Leather armour    ||     2
         Ring mail         ||    26
  Dodge: Dodged            ||    30

Table legend:
 A = Non-vault XP
 B = Vault XP
 C = Vault XP percentage of total XP
 D = Non-vault monster count
 E = Vault monster count
 F = Vault count percentage of total count
                 A         B        C        D         E       F
            +---------+---------+-------+---------+---------+-------
      Total |      83 |       2 |   2.4 |      33 |       1 |   2.9
            +---------+---------+-------+---------+---------+-------
        D:1 |      43 |       0 |   0.0 |      19 |       0 |   0.0
        D:2 |      40 |       2 |   4.8 |      14 |       1 |   6.7
            +---------+---------+-------+---------+---------+-------
